 Dungeon Crawl Stone Soup version 0.28.0-45-g0d030f2227 (webtiles) character file.

Game seed: 10323782534877399629

3832 AverageBear the Cleaver (level 9, 0/74 HPs)
             Began as a Deep Dwarf Fighter on Apr 8, 2022.
             Slain by Erica
             ... wielding a +2 scimitar of flaming
              (6 damage)
             ... on level 9 of the Dungeon.
             The game lasted 00:10:45 (6452 turns).

AverageBear the Cleaver (Deep Dwarf Fighter)        Turns: 6452, Time: 00:10:45

Health: 0/74       AC: 19    Str: 20    XL:     9   Next: 98%
Magic:  4/4        EV:  7    Int: 13    God:
Gold:   573        SH:  6    Dex: 14    Spells: 8/8 levels left

rFire   . . .      SeeInvis .   a - +0 war axe
rCold   + . .      Faith    .   c - +0 buckler
rNeg    . . .      Spirit   .   r - +0 plate armour
rPois   .          Reflect  .   (no helmet)
rElec   .          Harm     .   m - +0 cloak
rCorr   .          Rampage  .   n - +2 pair of gloves
Will    ++...                   f - +0 pair of boots
Stlth   ..........              j - amulet of magic regeneration
HPRegen 0.00/turn               u - ring of willpower
MPRegen 0.49/turn               p - ring of protection from cold

@: no status effects
A: damage resistance, heal wounds, sense surroundings 2, no regeneration, agile
1
a: Heal Wounds


You were on level 9 of the Dungeon.
You visited 2 branches of the dungeon, and saw 10 of its levels.
You also visited: Sewer.

You collected 639 gold pieces.
You spent 66 gold pieces at shops.

Inventory:

Hand Weapons
 a - a +0 war axe (weapon)
Armour
 c - a +0 buckler (worn)
 f - a +0 pair of boots (worn)
 m - a +0 cloak (worn)
 n - a +2 pair of gloves (worn)
 r - a +0 plate armour (worn)
Jewellery
 b - a ring of wizardry
 h - a ring of magical power
 j - an amulet of magic regeneration (around neck)
 p - a ring of protection from cold (right hand)
 t - a ring of poison resistance
 u - a ring of willpower (left hand)
 w - an amulet of faith
 B - a ring of protection from cold
Wands
 C - a wand of polymorph (6)
Scrolls
 d - a scroll of fog
 e - 3 scrolls of blinking
 i - a scroll of teleportation
 q - a scroll of summoning
 s - a scroll of amnesia
 v - 2 scrolls of enchant weapon
 y - a scroll of identify
 A - a scroll of holy word
Potions
 g - a potion of haste
 k - a potion of curing
 l - a potion of degeneration
 o - a potion of invisibility
 x - a potion of resistance
 z - 2 potions of brilliance


   Skills:
 - Level 2.6 Fighting
 + Level 12.1 Axes
 - Level 7.2 Armour
 - Level 4.4 Dodging
 - Level 7.2 Shields


You had 8 spell levels left.
You didn't know any spells.
Your spell library was empty.

Dungeon Overview and Level Annotations

Branches:
Dungeon (9/15)             Temple (1/1) D:5            Lair (0/6) D:8
  Sewer (visited)
    Orc: D:9-12

Altars:
Ashenzari
Cheibriados
Dithmenos
Gozag
Hepliaklqana
Kikubaaqudgha
Nemelex Xobeh
Okawaru
Qazlal
Ru
Sif Muna
Trog
Uskayaw
Wu Jian
Yredelemnul
Zin
Jiyva

Shops:
D:1 (?=[   D:5 *

Annotations:
D:9 Erica, Grum


Innate Abilities, Weirdness & Mutations

You are resistant to damage.
You can heal yourself by infusing magical energy.
You passively map the area around you.
You do not regenerate.
You are agile. (Dex +2)


Message History

Grum hits you but does no damage.
You miss the wolf.
The wolf is almost dead.
You slash the wolf! x2; The wolf bites you but does no damage. x3
You block the wolf's attack. The wolf bites you.
Grum hits you from afar with a +0 spear!
You hit the wolf but do no damage.
The wolf is severely wounded.
You completely miss the wolf. You hit the wolf.
You kill the wolf!
You block the wolf's attack. The wolf bites you but does no damage.
You miss the wolf.
The wolf is severely wounded.
You slash the wolf! You block the wolf's attack.
The wolf bites you but does no damage. Grum barely misses you.
The wolf bites you. The wolf barely misses you.
You miss the wolf.
The wolf is severely wounded.
You closely miss the wolf. The wolf bites you but does no damage.
Grum hits you from afar with a +0 spear.
You block the wolf's attack. The wolf bites you.
You slash the wolf!
You kill the wolf!
You barely miss the wolf. You miss something.
Grum hits you from afar with a +0 spear!
The wolf bites you but does no damage. Something hits you. Something burns you.
Your Axes skill increases to level 12!
The wolf bites you but does no damage. You block Grum's attack.
The wolf barely misses you. Something hits you!
* * * LOW HITPOINT WARNING * * *
Something burns you.
You hit Grum but do no damage. You slash the wolf!
You kill the wolf!
You hit something but do no damage. Grum hits you with a +0 spear!
* * * LOW HITPOINT WARNING * * *
Something hits you but does no damage.
You hit Grum.
Grum is lightly wounded.
You hit something. Grum hits you but does no damage. Something hits you!
You die...

* #..## ##..# #.###..........
#..######...###..............
#..<.........#............... *
#............................ **
#.#......###.................
..........#..)................
*..#....###.....................
#.###..####....).............. ,
... .#.#.....)†@..............,
.. ,,...........g............. ,
,,, ................(.... , ,,,
,,,,.................... , , ,
,................... , ,
.................. , * ,
..........>......, * *
............... ,, ,, , ,, , ,,
,


You could see Grum.

Vanquished Creatures
  A troll (D:7)
  4 vampire mosquitoes (D:8)
  2 water moccasins (D:5)
  Duvessa (D:4)
  Pargi (Sewer)
  An orc warrior (D:4)
  2 black bears (D:5)
  2 ice beasts (D:6)
  4 ogres
  4 wolves (D:9)
  2 phantoms
  3 kobold brigands
  A bullfrog (D:7)
  2 scorpions
  2 wyvern zombies (D:8)
  Dowan (D:4)
  A water moccasin skeleton (D:5)
  A howler monkey (D:6)
  A bullfrog zombie (D:6)
  A centaur zombie (D:7)
  A hound (D:3)
  6 jellies
  2 orc priests
  5 orc wizards
  2 killer bee zombies
  A howler monkey zombie (D:6)
  10 adders
  A gnoll (D:2)
  A river rat (D:5)
  A white imp (D:8)
  2 ufetubi
  4 worms
  2 adder skeletons (D:4)
  4 dart slugs
  21 orcs
  9 ball pythons
  8 endoplasms
  11 giant cockroaches
  7 goblins
  7 hobgoblins
  A jackal (D:3)
  27 kobolds
  7 quokkas
  8 bats
  7 frilled lizards
  4 rats
196 creatures vanquished.

Vanquished Creatures (others)
  2 fungi (D:8)
  2 plants (D:8)
4 creatures vanquished.

Grand Total: 200 creatures vanquished

Notes
Turn   | Place    | Note
-------+----------+-------------------------------------------
     0 | D:1      | AverageBear the Deep Dwarf Fighter began the quest for the
                  | Orb.
     0 | D:1      | Reached XP level 1. HP: 20/20 MP: 1/1
    11 | D:1      | Found Xuub's Weapon Shoppe.
    71 | D:1      | Reached skill level 3 in Axes
    84 | D:1      | Reached XP level 2. HP: 14/27 MP: 2/2
   167 | D:1      | Found Kevvuorr's Magic Scroll Shop.
   177 | D:1      | Bought a scroll of identify for 22 gold pieces
   245 | D:1      | Found Mepnui Seix's Jewellery Emporium.
   250 | D:1      | Reached XP level 3. HP: 33/33 MP: 3/3
   355 | D:1      | Reached skill level 4 in Axes
   357 | D:1      | Found Wyenodey's Antique Armour Emporium.
   764 | D:2      | Found a faded altar of an unknown god.
   914 | D:2      | Reached XP level 4. HP: 21/40 MP: 4/4
  1227 | D:3      | Reached skill level 5 in Axes
  1346 | D:1      | Bought a scroll of identify for 22 gold pieces
  1346 | D:1      | Bought a scroll of identify for 22 gold pieces
  1348 | D:1      | Gained mutation: You have hidden genetic defects. [potion
                  | of mutation]
  1348 | D:1      | Gained mutation: You are agile. (Dex +2) [potion of
                  | mutation]
  1348 | D:1      | Lost mutation: You have hidden genetic defects. [potion of
                  | mutation]
  1922 | D:3      | Reached skill level 6 in Axes
  1922 | D:3      | Reached XP level 5. HP: 26/46 MP: 5/5
  2396 | D:4      | Found a sparkling altar of Nemelex Xobeh.
  2469 | D:4      | Noticed Dowan
  2470 | D:4      | Noticed an orc warrior
  2479 | D:4      | Reached skill level 7 in Axes
  2481 | D:4      | Killed Dowan
  2482 | D:4      | Reached XP level 6. HP: 26/55 MP: 5/5
  2488 | D:4      | Killed an orc warrior
  2489 | D:4      | Reached skill level 8 in Axes
  2640 | D:4      | Reached XP level 7. HP: 57/61 MP: 5/5
  2799 | D:4      | HP: 1/61 [ogre/+0 giant club (27)]
  2886 | D:4      | Noticed Duvessa
  2910 | D:4      | HP: 1/61 [Duvessa/+0 short sword (12)]
  2914 | D:4      | Killed Duvessa
  2915 | D:4      | Reached skill level 5 in Armour
  3119 | D:5      | Entered Level 5 of the Dungeon
  3130 | D:5      | Found a glowing drain.
  3143 | Sewer    | Entered a sewer
  3258 | Sewer    | Noticed Pargi
  3266 | Sewer    | Killed Pargi
  3500 | D:5      | Found Fetuf's Serpentskin Sales.
  3513 | D:5      | Reached XP level 8. HP: 49/68 MP: 5/5
  3946 | D:5      | Reached skill level 5 in Shields
  4017 | D:5      | Found a staircase to the Ecumenical Temple.
  4073 | Temple   | Entered the Ecumenical Temple
  4949 | D:6      | Gained mutation: You passively map the area around you.
                  | [Deep Dwarf growth]
  4949 | D:6      | Reached XP level 9. HP: 67/74 MP: 6/6
  4989 | D:6      | Found a sacrificial altar of Ru.
  5256 | D:7      | Found an ornate altar of the Wu Jian Council.
  5509 | D:7      | Noticed a troll
  5536 | D:7      | Killed a troll
  5537 | D:7      | Reached skill level 9 in Axes
  5865 | D:8      | Found a staircase to the Lair.
  5916 | D:8      | Reached skill level 10 in Axes
  5943 | D:8      | Reached skill level 11 in Axes
  6080 | D:8      | Found a viscous altar of Jiyva.
  6435 | D:9      | Noticed Grum
  6440 | D:9      | Noticed Erica
  6450 | D:9      | Reached skill level 12 in Axes
  6452 | D:9      | Slain by Erica

Illustrated notes

Levels and vault maps discovered:
D:1:      heliophobic_arrival_ceremonial_halls, layout_rooms, serial_shops,
          nicolae_shop_waterfront, nicolae_shop_statue_plus, shop,
          nicolae_diamond_shop, st_stairs_6, serial_park_tiny_2
D:2:      layout_rooms, chequers_ecumenical_altar_simple, chequers_mini_garden,
          chequers_arboretum, minmay_increasing_density
D:3:      minmay_bubble_buster, layout_basic, minmay_ruptured
D:4:      minmay_door_path, layout_rooms, lemuel_coloured_pillars_altar,
          grunt_ministairs_13, uniq_duvessa
D:5:      layout_loops_corners, lemuel_temple_firewalk_b, portal_sewer_entry_a,
          guppyfry_shop_venom
D:6:      layout_cave_pods, nicolae_ru_the_path_less_chosen
D:7:      layout_cave_pools, lemuel_round_altar
D:8:      layout_basic, dpeg_oklobed_lair, st_stairs_4, minmay_door_square,
          jiyva_altar_1
D:9:      minmay_evil_eye, layout_layer_cave,
          mainiacjoe_overflow_surrounded_room, gammafunk_ghost_spectres,
          uniq_erica, uniq_grum
Temple:   nicolae_temple_god_jail

Skill      XL: |  1  2  3  4  5  6  7  8  9 |
---------------+----------------------------+-----
Axes           | 3 4 6 7 8 12 | 12.1
Armour         | 7 |  7.2
Dodging        | 4 |  4.4
Shields        | 6 7 |  7.2
Fighting       | |  2.6

Action                   |  1- 3 |  4- 6 |  7- 9 || total
-------------------------+-------+-------+-------++-------
Melee: War axe           |   149 |   186 |   436 ||   771
 Abil: Heal Wounds       |     1 |     4 |    23 ||    28
  Use: Scroll            |     1 |     6 |     8 ||    15
       Potion            |       |     2 |    11 ||    13
 Stab: Invisible         |       |       |    11 ||    11
Armor: Scale mail        |    67 |    85 |       ||   152
       Plate armour      |       |    13 |   336 ||   349
Dodge: Dodged            |    85 |    87 |   155 ||   327
Block: Buckler           |    42 |    45 |   115 ||   202
